 Dungeon Sprint DCSS version 0.22.1-57-g7394efd48c (webtiles) character file.

4600000 Jannitor the Formicid Barricade (level 27, -2/249 HPs)
             Began as a Formicid Fighter on Mar 22, 2019.
             Was the Champion of Makhleb.
             Slain by a meat berserker
             ... wielding a +9 battleaxe
              (42 damage)
             ... in the Dungeon (Sprint VIII: "Arena of Blood").
             The game lasted 00:01:30 (46 turns).

Jannitor the Formicid Barricade (Formicid Fighter)    Turns: 46, Time: 00:01:31

Health: -2/249     AC: 13    Str: 23    XL:     27
Magic:  26/54      EV: 32    Int: 10    God:    Makhleb [******]
Gold:   0          SH: 19    Dex: 19    Spells: 80/80 levels left

rFire    . . .     SeeInvis +   l - +∞ Axe of Woe
rCold    . . .     Gourm    .   c - +0 shield
rNeg     . . .     Faith    .   b - +0 scale mail
rPois    .         Spirit   .   (helmet unavailable)
rElec    .         Reflect  .   (no cloak)
rCorr    .         Harm     .   (no gloves)
MR       ++...                  (no boots)
Stlth    ++++++++..             (no amulet)
HPRegen  0.51/turn              (no ring)
MPRegen  0.34/turn              (no ring)

@: no status effects
A: permanent stasis, dig shafts and tunnels, four strong arms, antennae 3
a: Dig, Minor Destruction, Lesser Servant of Makhleb, Major Destruction, Greater
Servant of Makhleb, Renounce Religion


You were in the Dungeon.
You worshipped Makhleb.
Makhleb was exalted by your worship.
You were not hungry.

You visited 1 branch

Inventory:

Hand Weapons
 a - a +0 war axe
 l - the +∞ Axe of Woe (weapon)
   (You found it in the Dungeon)
Armour
 b - a +0 scale mail (worn)
 c - a +0 shield (worn)
Scrolls
 k - a scroll of blinking
Potions
 d - a potion of might
 e - a potion of curing
 g - a potion of heal wounds
 h - a potion of haste
 i - 2 potions of magic
 j - a potion of berserk rage
Comestibles
 f - a ration


   Skills:
 O Level 27 Fighting
 O Level 27 Axes
 O Level 27 Throwing
 O Level 27 Armour
 O Level 27 Dodging
 O Level 27 Stealth
 O Level 27 Shields
 O Level 27 Unarmed Combat
 O Level 27 Spellcasting
 O Level 27 Invocations


You had 80 spell levels left.
You didn't know any spells.
Your spell library was empty.

Dungeon Overview and Level Annotations

Branches:
Dungeon (1/1)

Altars:
Makhleb


Innate Abilities, Weirdness & Mutations

You cannot be hasted, slowed, berserked, paralysed or teleported.
You can dig through walls and to a lower floor.
Your four strong arms can wield two-handed weapons with a shield.
You have a pair of large antennae on your head. (SInv)


Message History

The bag of meat convulses! x3; The eight-headed meat hydra convulses!
The meat berserker convulses! x2; The bag of meat convulses!
The destroyer blinks!
You hear a shout! x2
The crawling corpse is engulfed in blazing flames.
The crawling corpse is destroyed!
You hear two shouts!
You hear a shout! 3 small abominations, a large abomination and 5 crawling corpses come into view.
Unknown command.
You hit the bag of meat.
You hew the bag of meat savagely.
You kill the bag of meat!
Makhleb accepts your kill.
You are engulfed in blazing flames.
* * * LOW HITPOINT WARNING * * *
The meat berserker is engulfed in blazing flames.
You hear a shout! x4
The small abomination is engulfed in blazing flames.
The meat berserker is engulfed in blazing flames.
The meat berserker hits you with a +9 battleaxe!!!
You die...

......{..............
.......{............#.
#....{{.#..........o.{
#.......#..........o##
#.......###.......O.{ {.
...###.).x.x.%...%V###..
...._..))xx..x{oxo.O....
.#.....#)))D).o#.#......
#_.<._#)))..x§x@.......
#.....#)xX..D#O#)#.....
...._...%..%..§o§o......
...###......%.§#§#.#..#.
#.. ....###..z.{ooo..#..
#.......#.....O{o.....#.
#.......#.....o{{{...#.
...........%...{.o....
....#.. #.....


You could see 2 eight-headed meat hydras, a destroyer, a sculptor of flesh, a
large abomination, 4 meat berserkers, 4 small abominations, 8 bags of meat and 5
crawling corpses.

Vanquished Creatures
  A vampire knight (D)
  18 ogres (D)
  2 two-headed ogres (D)
  31 orcs (D)
  A small abomination (D)
  A crawling corpse (D)
54 creatures vanquished.

Vanquished Creatures (others)
  A crawling corpse (D)
1 creature vanquished.

Grand Total: 55 creatures vanquished

Notes
Turn   | Place    | Note
-------+----------+-------------------------------------------
     0 | D        | Found the +∞ Axe of Woe
     0 | D        | Jannitor the Formicid Fighter began the quest for the Orb.
     0 | D        | Reached XP level 1. HP: 18/18 MP: 1/1
     2 | D        | Noticed a bag of meat
     2 | D        | Noticed a bag of meat
     3 | D        | Noticed a bag of meat
     4 | D        | Became a worshipper of Makhleb the Destroyer
     4 | D        | Noticed a meat berserker
     5 | D        | Noticed a bag of meat
     6 | D        | Noticed a meat berserker
     6 | D        | Noticed a meat berserker
     7 | D        | Killed a bag of meat
     7 | D        | Reached skill level 15 in Fighting
     7 | D        | Reached skill level 15 in Armour
     7 | D        | Reached XP level 2. HP: 45/45 MP: 2/2
     7 | D        | Reached XP level 3. HP: 51/51 MP: 3/3
     7 | D        | Reached XP level 4. HP: 58/58 MP: 4/4
     7 | D        | Reached XP level 5. HP: 64/64 MP: 5/5
     7 | D        | Reached XP level 6. HP: 71/71 MP: 6/6
     7 | D        | Reached XP level 7. HP: 77/77 MP: 7/7
     7 | D        | Reached XP level 8. HP: 85/85 MP: 8/8
     7 | D        | Reached XP level 9. HP: 91/91 MP: 9/9
     7 | D        | Reached XP level 10. HP: 98/98 MP: 10/10
     7 | D        | Reached XP level 11. HP: 104/104 MP: 11/11
     7 | D        | Reached XP level 12. HP: 111/111 MP: 12/12
     7 | D        | Noticed a bag of meat
     8 | D        | Killed a bag of meat
     8 | D        | Reached * piety under Makhleb
     8 | D        | Reached XP level 13. HP: 122/122 MP: 13/13
     8 | D        | Noticed a bag of meat
     8 | D        | Noticed a bag of meat
     9 | D        | Noticed a bag of meat
     9 | D        | Noticed a bag of meat
     9 | D        | Noticed a bag of meat
    10 | D        | Killed a meat berserker
    10 | D        | Reached XP level 14. HP: 77/136 MP: 14/14
    10 | D        | Reached XP level 15. HP: 81/143 MP: 15/15
    10 | D        | Killed a meat berserker
    10 | D        | Reached XP level 16. HP: 156/156 MP: 16/16
    10 | D        | Reached ** piety under Makhleb
    10 | D        | Killed a meat berserker
    10 | D        | Reached skill level 27 in Shields
    10 | D        | Reached XP level 17. HP: 169/169 MP: 17/17
    10 | D        | Noticed a meat berserker
    10 | D        | Noticed a meat berserker
    10 | D        | Noticed a meat berserker
    11 | D        | Killed a meat berserker
    11 | D        | Reached skill level 27 in Fighting
    11 | D        | Reached skill level 27 in Armour
    11 | D        | Reached XP level 18. HP: 182/182 MP: 18/18
    11 | D        | Noticed a meat berserker
    12 | D        | Reached *** piety under Makhleb
    12 | D        | Reached skill level 27 in Axes
    13 | D        | Reached skill level 15 in Dodging
    14 | D        | Noticed a meat berserker
    15 | D        | Killed a meat berserker
    15 | D        | Reached XP level 19. HP: 189/189 MP: 19/19
    15 | D        | Reached **** piety under Makhleb
    15 | D        | Killed a meat berserker
    15 | D        | Reached skill level 27 in Dodging
    15 | D        | Reached XP level 20. HP: 197/197 MP: 19/30
    16 | D        | Killed a meat berserker
    17 | D        | Reached skill level 15 in Invocations
    17 | D        | Noticed a meat berserker
    17 | D        | Noticed a meat berserker
    18 | D        | Reached ***** piety under Makhleb
    18 | D        | Reached XP level 21. HP: 204/204 MP: 19/39
    18 | D        | Reached skill level 15 in Throwing
    18 | D        | Reached skill level 15 in Unarmed Combat
    18 | D        | Reached skill level 15 in Spellcasting
    19 | D        | Noticed a meat berserker
    21 | D        | Killed a meat berserker
    21 | D        | Reached XP level 22. HP: 212/212 MP: 20/45
    21 | D        | Reached ****** piety under Makhleb
    21 | D        | Noticed a meat berserker
    22 | D        | Noticed a meat berserker
    23 | D        | Killed a meat berserker
    23 | D        | Reached skill level 27 in Stealth
    23 | D        | Reached XP level 23. HP: 219/219 MP: 20/50
    24 | D        | Reached skill level 27 in Invocations
    26 | D        | Reached skill level 27 in Throwing
    26 | D        | Reached skill level 27 in Unarmed Combat
    26 | D        | Reached skill level 27 in Spellcasting
    26 | D        | Reached XP level 24. HP: 227/227 MP: 21/54
    28 | D        | Reached XP level 25. HP: 234/234 MP: 21/54
    29 | D        | Noticed a large bag of meat
    30 | D        | Noticed a destroyer
    32 | D        | Noticed a large bag of meat
    33 | D        | Killed a destroyer
    33 | D        | Reached XP level 26. HP: 230/242 MP: 23/54
    36 | D        | Killed a large bag of meat
    39 | D        | Noticed a large bag of meat
    40 | D        | Killed a large bag of meat
    40 | D        | Noticed a destroyer
    41 | D        | Reached XP level 27. HP: 206/249 MP: 25/54
    46 | D        | Slain by a meat berserker

Skill      XL: |  1  2  3  4  5  6  7  8  9 10 11 12 13 14 15 16 17 18 19 20 21 22 23 |
---------------+----------------------------------------------------------------------+-----
Fighting       | 15 18 20 22 25 27 | 27.0
Axes           | 14 16 19 21 23 25 27 | 27.0
Armour         | 15 18 20 22 25 27 | 27.0
Shields        | 17 19 22 24 27 | 27.0
Dodging        | 22 27 | 27.0
Throwing       | 6 14 19 22 27 | 27.0
Stealth        | 8 18 23 27 | 27.0
Unarmed Combat | 6 14 19 22 27 | 27.0
Spellcasting   | 6 14 19 23 27 | 27.0
Invocations    | 8 16 22 26 27 | 27.0

Action                   |  1- 3 |  4- 6 |  7- 9 | 10-12 | 13-15 | 16-18 | 19-21 | 22-24 | 25-27 || total
-------------------------+-------+-------+-------+-------+-------+-------+-------+-------+-------++-------
Melee: Executioner's axe |     1 |       |       |     1 |     1 |     4 |     5 |     5 |    13 ||    30
Block: Shield            |       |       |       |     1 |     2 |       |       |       |     2 ||     5
